 Dungeon Crawl Stone Soup version 0.25.0-15-gac7dcb8919 (webtiles) character file.

Game seed: 17470483184861582856

28 Peloso the Skirmisher (level 3, 29/29 HPs)
             Began as a Demonspawn Fighter on June 29, 2020.
             Got out of the dungeon alive.
             The game lasted 00:01:02 (654 turns).

Peloso the Skirmisher (Demonspawn Fighter)           Turns: 654, Time: 00:01:03

Health: 29/29      AC:  6    Str: 17    XL:     3   Next: 0%
Magic:  3/3        EV:  7    Int:  9    God:
Gold:   33         SH:  8    Dex: 12    Spells: 2/2 levels left

rFire    . . .     SeeInvis .   a - +0 long sword
rCold    . . .     Gourm    .   c - +0 kite shield
rNeg     . . .     Faith    .   b - +0 scale mail
rPois    .         Spirit   +   (no helmet)
rElec    .         Reflect  .   (no cloak)
rCorr    .         Harm     .   (no gloves)
MR       .....                  (no boots)
Stlth    ..........             (no amulet)
HPRegen  0.09/turn              (no ring)
MPRegen  0.08/turn              (no ring)

@: no status effects
A: talons 1, magic shield
a: no special abilities


You escaped.
You were not hungry.

You visited 1 branch of the dungeon, and saw 1 of its levels.

You collected 33 gold pieces.

Inventory:

Hand Weapons
 a - a +0 long sword (weapon)
Armour
 b - a +0 scale mail (worn)
 c - a +0 kite shield (worn)
Scrolls
 g - a scroll of immolation {unknown}
 i - 2 scrolls of teleportation {unknown}
Potions
 d - a potion of might
 e - a potion of brilliance
 h - a potion of flight {unknown}
Comestibles
 f - 2 rations


   Skills:
 + Level 3.3 Fighting
 + Level 2.2 Long Blades
 + Level 3.0 Armour
 + Level 0.1 Dodging
 + Level 2.9 Shields


You had 2 spell levels left.
You didn't know any spells.
Your spell library was empty.

Dungeon Overview and Level Annotations

Branches:
Dungeon (1/15)

Altars:


Innate Abilities, Weirdness & Mutations

You have sharp toenails.
When hurt, damage is shared between your health and your magic reserves.


Message History

A rat is nearby!
A rat is nearby!
The rat bites you but does no damage.
Your shield and scale mail prevent you from hitting the rat.
The rat barely misses you.
You slash the rat!
You kill the rat!
You have reached level 3!
Your experience leads to an increase in your attributes!
Increase (S)trength, (I)ntelligence, or (D)exterity?
You feel stronger.
Your demonic ancestry asserts itself...
Your toenails lengthen and sharpen.
(D) Dungeon
Where to? (? - help)
What level of the Dungeon? (default 1, ? - help)
There is an open door here.
All of the chunks of flesh in your inventory have rotted away.
There is a staircase leading out of the dungeon here.
Are you sure you want to leave the Dungeon?
This will make you lose the game!
You have escaped!

######## #..รท....
### #.###### ##@##
#.# # ###...### #.# #
#Z#...#Z# #.# #
###...########.# #
#^#...#Z##.....######
###...####...........
#^#...#Z##.......####
###..#####.#####.# #
#^#..#Z# #.......# #


You could see a felid zombie and a centaur zombie.

Vanquished Creatures
  An ooze (D:1)
  A dart slug (D:1)
  2 leopard geckos (D:1)
  A giant cockroach (D:1)
  2 hobgoblins (D:1)
  3 jackals (D:1)
  A kobold (D:1)
  3 bats (D:1)
  6 rats (D:1)
20 creatures vanquished.

Notes
Turn   | Place    | Note
-------+----------+-------------------------------------------
     0 | D:1      | Peloso the Demonspawn Fighter began the quest for the Orb.
     0 | D:1      | Reached XP level 1. HP: 18/18 MP: 1/1
     8 | D:1      | Noticed a merfolk zombie
    10 | D:1      | Noticed a minotaur zombie
    51 | D:1      | Gained mutation: When hurt, damage is shared between your
                  | health and your magic reserves. [demonic ancestry]
    51 | D:1      | Reached XP level 2. HP: 20/24 MP: 2/2
   612 | D:1      | Gained mutation: You have sharp toenails. [demonic
                  | ancestry]
   612 | D:1      | Reached XP level 3. HP: 29/29 MP: 3/3
   654 | D:$      | Got out of the dungeon alive.

Illustrated notes

Levels and vault maps discovered:
D:1:      shiori_arrival_whats_in_store_for_you, layout_basic,
          serial_co_window_serial, co_window_cross_1, co_window_paths_b,
          co_window_cross_1, co_window_of_opportunity_a,
          co_window_of_opportunity_a, co_window_2corner, co_window_paths_c,
          co_window_unsneaky_path_d, co_window_corner_b, co_window_broadway_b

Skill      XL: |  1  2 |
---------------+-------+-----
Armour         | 3 |  3.0
Long Blades    | 2 |  2.2
Fighting       | |  3.3
Dodging        | |  0.1
Shields        | |  2.9

Action                   || total
-------------------------++-------
Melee: Long sword        ||    74
  Use: Potion            ||     1
Armor: Scale mail        ||    40
Dodge: Dodged            ||    21
Block: Kite shield       ||    34
       Rpst.: Long sword ||     5
